Map: Eastwatch LE

Players

Ahri - Winner!

  • Race: Zerg Zerg
  • Spawn Location: 1:00

GasFirst

  • Race: Protoss Protoss
  • Spawn Location: 7:00

VOD

Have the link to the VOD?

Description

Time

  • Played on: March 14, 2018, 2:24 a.m.
  • Length: 2:12
Show
View Real Time Build Order
Export as new Build Order

Ahri Zerg - Winner!

Build Orders:  

Get SALT Encoding   

  12  0:03  Drone  
  13  0:09  Drone  
  14  0:20  Extractor  
  13  0:21  Extractor  
  13  0:22  Drone x2  
Show
View Real Time Build Order
Export as new Build Order

GasFirst Protoss 

Build Orders:  

Get SALT Encoding   

  12  0:01  Probe  
  13  0:13  Probe  
  14  0:20  Pylon  
  14  0:25  Probe  
  15  0:38  Probe  
  15  0:40  Gateway  
  16  0:50  Assimilator, Probe (Chrono Boost)  
  17  1:02  Probe (Chrono Boost)  
  18  1:09  Pylon  
  18  1:15  Probe  
  19  1:27  Probe (Chrono Boost)  
  19  1:39  Probe (Chrono Boost)  
  8  1:48  Probe (Chrono Boost)  
Tags
 
Matchup
PvZ
Spawn Locations
Cross Positions
Add a new tag
Caveats
  • Supply blocks, unpowered buildings, or Contaminate may cause inaccurate times.
  • Supply counts are checked every 10 seconds.